 Dungeon Crawl Stone Soup version 0.28.0-49-g6dfe1f597d (webtiles) character file.

Game seed: 8850715930672969561

36 H0rd4k the Charlatan (level 3, 0/26 HPs)
             Began as a Human Artificer on May 13, 2022.
             Slain by a hobgoblin (2 damage)
             ... on level 3 of the Dungeon.
             The game lasted 00:01:49 (3061 turns).

H0rd4k the Charlatan (Human Artificer)              Turns: 3061, Time: 00:01:50

Health: 0/26       AC:  3    Str: 12    XL:     3   Next: 57%
Magic:  3/3        EV: 11    Int: 13    God:
Gold:   47         SH:  0    Dex: 13    Spells: 2/2 levels left

rFire   . . .      SeeInvis .   a - +0 club
rCold   . . .      Faith    .   (no shield)
rNeg    . . .      Spirit   .   b - +0 leather armour
rPois   .          Reflect  .   (no helmet)
rElec   .          Harm     .   (no cloak)
rCorr   .          Rampage  .   (no gloves)
Will    .....                   (no boots)
Stlth   +.........              f - amulet of magic regeneration
HPRegen 0.08/turn               (no ring)
MPRegen 0.48/turn               (no ring)

@: no status effects
A: no striking features
a: no special abilities


You were on level 3 of the Dungeon.
You visited 1 branch of the dungeon, and saw 4 of its levels.

You collected 47 gold pieces.

Inventory:

Hand Weapons
 a - a +0 club (weapon)
Missiles
 g - 6 poisoned darts
Armour
 b - a +0 leather armour (worn)
Jewellery
 f - an amulet of magic regeneration (around neck)
 i - a ring of protection from fire
Wands
 c - a wand of flame (9) (quivered)
 d - a wand of charming (15)
Scrolls
 j - a scroll of magic mapping {unknown}
Potions
 h - a potion of heal wounds {unknown}
 k - a potion of attraction {unknown}
Miscellaneous
 e - a piece from Xom's chessboard (15/15)


   Skills:
 + Level 1.4 Fighting
 + Level 1.4 Maces & Flails
 + Level 2.4 Armour
 + Level 1.2 Dodging
 + Level 1.2 Stealth
 + Level 3.2 Evocations


You had 2 spell levels left.
You didn't know any spells.
Your spell library was empty.

Dungeon Overview and Level Annotations

Branches:
Dungeon (4/15)
 Temple: D:4-7

Altars:

Shops:
D:2 *

Annotations:
D:2 1 runed translucent door, exclusion: door, Crazy Yiuf, Sigmund
D:3 exclusion: downstairs


Message History

Aiming: Throw Flame
Press: ? - help, Shift-Dir - straight line, f - kobold
Aim: a kobold, wielding a +0 dagger and quivering stones (asleep, 100% to hit)
The puff of flame hits the kobold.
You kill the kobold!
The dart slug launches a dart at you. The slug dart misses you.
The dart slug launches a dart at you. The slug dart hits you.
A hobgoblin comes into view.
You hit the dart slug.
The dart slug is moderately wounded.
The hobgoblin shouts!
The dart slug launches a dart at you. The slug dart hits you.
You hit the dart slug.
The dart slug is moderately wounded.
The dart slug launches a dart at you. The slug dart hits you.
You completely miss the dart slug.
The dart slug is moderately wounded.
The endoplasm hits you. The dart slug launches a dart at you.
The slug dart hits you. The endoplasm hits you.
You barely miss the dart slug.
The dart slug is moderately wounded.
The endoplasm freezes you.
You are frozen.
* * * LOW HITPOINT WARNING * * *
The dart slug launches a dart at you. The slug dart hits you.
* * * LOW HITPOINT WARNING * * *
The hobgoblin barely misses you.
A hobgoblin comes into view.
The hobgoblin shouts!
There is a stone staircase leading up here.
The endoplasm closely misses you. The hobgoblin hits you.
* * * LOW HITPOINT WARNING * * *
The hobgoblin hits you.
You die...

..##.........# ..
#.........#
...........+ #
......###...# .#
......###...####.###
......#....w........
#... #.............
#...gJ...)....
...#....@........
...#####g............
...$........#........
............#........
............#........
.....................
....................#
....................#
.............>......#


You could see a dart slug, an endoplasm and 2 hobgoblins.

Vanquished Creatures
  A worm (D:2)
  2 dart slugs (D:1)
  3 endoplasms
  2 giant cockroaches (D:1)
  A goblin (D:2)
  2 hobgoblins (D:1)
  4 jackals (D:1)
  3 kobolds
  A quokka (D:1)
  A ball python (D:2)
  3 bats
  A frilled lizard (D:1)
  3 rats (D:1)
27 creatures vanquished.

Vanquished Creatures (others)
  A plant (D:2)
1 creature vanquished.

Grand Total: 28 creatures vanquished

Notes
Turn   | Place    | Note
-------+----------+-------------------------------------------
     0 | D:1      | H0rd4k the Human Artificer began the quest for the Orb.
     0 | D:1      | Reached XP level 1. HP: 15/15 MP: 1/1
   295 | D:1      | Reached XP level 2. HP: 12/21 MP: 2/2
   946 | D:1      | Reached skill level 1 in Maces & Flails
  1452 | D:1      | Reached XP level 3. HP: 22/26 MP: 3/3
  1611 | D:1      | HP: 1/26 [dart slug/slug dart (6)]
  2224 | D:2      | Noticed Sigmund
  2264 | D:2      | Found a faded altar of an unknown god.
  2640 | D:2      | Found a runed translucent door.
  2641 | D:2      | Noticed Crazy Yiuf
  2696 | D:2      | Found Moliplich's Assorted Antiques.
  2784 | D:2      | You fall into a shaft and drop 2 floors!
  3061 | D:3      | Slain by a hobgoblin

Illustrated notes

Levels and vault maps discovered:
D:1:      sevenhm_arrival_forest_fort_small_5, layout_basic, minmay_tetromino_s2
D:2:      layout_loops_ring, basic_ecumenical_altar, serial_shops,
          nicolae_shop_overgrown_old_shop, uniq_sigmund, uniq_crazy_yiuf_cottage
D:3:      layout_basic, nicolae_overflow_crystal_walls, kennysheep_donut
D:4:      layout_loops_ring, nicolae_shop_firing_range

Skill      XL: |  1  2 |
---------------+-------+-----
Maces & Flails | 1 |  1.4
Fighting       | |  1.4
Armour         | |  2.4
Dodging        | |  1.2
Stealth        | |  1.2
Evocations     | |  3.2

Action                   || total
-------------------------++-------
Melee: Club              ||   142
       Punch             ||     1
Evoke: Wand              ||     6
 Stab: Sleeping          ||     3
Armor: Leather armour    ||    47
Dodge: Dodged            ||   105
